 Dungeon Crawl Stone Soup version 0.30.0-30-g96aa6591b8 (webtiles) character file.

Game seed: 7648816439883787361

431 AiryTheDragon the Firebug (level 6, -14/42 HPs)
             Began as a Demonspawn Fire Elementalist on June 30, 2023.
             Demolished by an ogre
             ... wielding a +0 giant spiked club
              (29 damage)
             ... on level 4 of the Dungeon.
             The game lasted 00:39:30 (3344 turns).

AiryTheDragon the Firebug (DsFE)                    Turns: 3344, Time: 00:39:30

Health: -14/42     AC:  8    Str: 10    XL:     6   Next: 66%
Magic:  10/10      EV:  8    Int: 16    God:
Gold:   163        SH:  8    Dex: 18    Spells: 1/11 levels left

rFire   . . .        d - +3 dagger
rCold   . . .        x - +0 kite shield {AC+3}
rNeg    . . .        j - +0 ring mail
rPois   .            (helmet restricted)
rElec   .            m - scarf {shadows}
rCorr   .            (no gloves)
SInv    .            (no boots)
Will    .....        (no amulet)
Stlth   ++++         v - ring of flight
HPRegen 0.27/turn    (no ring)
MPRegen 0.12/turn

%: no passive effects
@: about to teleport, flying, hasted, very quick
A: horns 2, thin skeletal structure 2
a: no special abilities


You were on level 4 of the Dungeon.
You visited 1 branch of the dungeon, and saw 4 of its levels.

You collected 163 gold pieces.

Inventory:

Hand Weapons
 d - a +3 dagger (weapon)
Missiles
 w - 6 poisoned darts
Armour
 a - a +0 robe
 j - a +0 ring mail (worn)
 m - a scarf of shadows (worn)
 t - the +1 plate armour of Fedhas's Wrath {rElec rN+ Will+ Int-4}
   (You found it on level 3 of the Dungeon)

   Int:       It affects your intelligence (-4).
   rElec:     It insulates you from electricity.
   rN:        It protects you from negative energy.
   Will:      It increases your willpower.
 x - a +0 kite shield of protection (worn)
Magical Staves
 i - a staff of earth
 n - a staff of death
Jewellery
 v - a ring of flight (left hand)
Wands
 u - a wand of flame (31)
Scrolls
 e - a scroll of immolation {unknown}
 f - a scroll of noise
 g - a scroll of magic mapping {unknown}
 h - a scroll of teleportation
 k - 2 scrolls of identify {unknown}
 l - 3 scrolls of poison
 o - a scroll of torment {unknown}
 p - 2 scrolls of fog {unknown}
 r - 2 scrolls of silence {unknown}
 s - a scroll of blinking {unknown}
Potions
 b - a potion of magic
 c - a potion of invisibility {unknown}
 q - a potion of haste


   Skills:
 + Level 0.6 Fighting
 + Level 1.4 Short Blades
 * Level 1.6 Staves
 * Level 2.0 Armour
 + Level 2.0 Dodging
 + Level 2.2 Stealth
 + Level 3.0 Spellcasting
 + Level 2.2 Conjurations
 * Level 1.4 Necromancy
 + Level 3.9 Fire Magic
 * Level 1.3 Ice Magic
 * Level 0.1 Evocations


You had one spell level left.
You knew the following spells:

 Your Spells              Type           Power      Damage    Failure   Level
a - Foxfire               Conj/Fire      48%        2x1d6     58%         1
b - Scorch                Fire           30%        2d6       61%         2
c - Frozen Ramparts       Ice            12%        1d2       99%         3
d - Flame Wave            Conj/Fire      12%        2d6       100%        4

Your spell library contained the following spells:

 Spells                   Type           Power      Damage    Failure   Level
 Freeze                   Ice            24%        1d4       83%         1
 Hailstorm                Conj/Ice       8%         3d4       98%         3
 Inner Flame              Hex/Fire       8%         N/A       98%         3
 Volatile Blastmotes      Fire/Tloc      16%        2d11      98%         3
 Dazzling Flash           Conj/Hex       12%        N/A       99%         3
 Animate Armour           Summ/Erth      4%         N/A       100%        4
 Iskenderun's Mystic Bla  Conj/Tloc      6%         2d4       100%        4
 Blade Hands              Tmut           1%         N/A       100%        5
 Iron Shot                Conj/Erth      3%         9d2       100%        6
 Starburst                Conj/Fire      6%         6d4       100%        6


Dungeon Overview and Level Annotations

Branches:
Dungeon (4/15)             Temple (0/1) D:4

Altars:


Innate Abilities, Weirdness & Mutations

You have a pair of horns on your head.
You have a moderately thin skeletal structure. (Dex +4, Stealth++)


Message History

The goblin closely misses you.
You hit the goblin.
You kill the goblin!
You block the goblin's attack. The goblin barely misses you.
You hit the goblin.
You kill the goblin!
You hit the goblin.
You kill the goblin!
You barely miss the goblin. You headbutt the goblin.
You kill the goblin!
You barely miss the goblin. You headbutt the goblin.
You kill the goblin!
The goblin unwields a +0 club.
The goblin wields a +0 sling.
The goblin shoots a sling bullet.
The sling bullet hits you.
Your Spellcasting skill increases to level 3!
You barely miss the goblin. The goblin barely misses you.
You hit the goblin.
The goblin is almost dead.
You completely miss the goblin.
The goblin is almost dead.
You block the goblin's attack.
The goblin hits you but does no damage. x3
You hit the goblin.
You kill the goblin!
The goblin hits you with a +0 dagger.
You hit the goblin.
You kill the goblin!
Aiming: Throw Flame
Press: ? - help, Shift-Dir - straight line, f - ogre
Aim: an ogre, wielding a +0 giant spiked club (85% to hit)
The puff of flame hits the ogre.
The ogre is lightly wounded.
The ogre hits you with a +0 giant spiked club!!
Ouch! That really hurt!
As you read the scroll of teleportation, it crumbles to dust.
You feel strangely unstable.
It was a potion of haste.
You feel yourself speed up. You block the ogre's attack.
The ogre hits you with a +0 giant spiked club!!
Ouch! That really hurt!
You die...

#......## #.# #.#
##......#######.#
#.#
#####..............#
#.#
......#....#########
#.#### #######.####
#..>.. #.# ######
#.# #.# #######
###### #.# #...@.#
#..... #.# #.###O#
#.#### #.# #.# .g(#
#.# ####
##.#####.##...# #.#
##
...###.........#(..#
#.###.
##.#.......#########
#.#... #.......#.#
#.# #.#.##
###.......# #.#
#...# #.#...#.#
#.##### #...##


You could see an ogre and a goblin.

Vanquished Creatures
  Menkaure (D:4)
  Blork the orc (D:4)
  A scorpion (D:3)
  A hound (D:4)
  3 gnolls (D:3)
  4 adders
  2 worms
  2 orcs (D:3)
  6 endoplasms
  4 giant cockroaches
  17 goblins
  4 hobgoblins
  7 jackals
  6 kobolds
  5 quokkas
  A ball python (D:1)
  4 bats
  4 frilled lizards
  6 rats
79 creatures vanquished.

Vanquished Creatures (others)
  98 foxfires
98 creatures vanquished.

Grand Total: 177 creatures vanquished

Notes
Turn   | Place    | Note
-------+----------+-------------------------------------------
     0 | D:1      | AiryTheDragon the Demonspawn Fire Elementalist began the
                  | quest for the Orb.
     0 | D:1      | Reached XP level 1. HP: 13/13 MP: 3/3
   160 | D:1      | Gained mutation: You have a pair of small horns on your
                  | head. [demonic ancestry]
   160 | D:1      | Reached XP level 2. HP: 19/19 MP: 3/5
   259 | D:1      | Learned a level 2 spell: Scorch
   622 | D:1      | Reached XP level 3. HP: 24/24 MP: 6/6
  1225 | D:2      | Learned a level 3 spell: Frozen Ramparts
  1454 | D:3      | Gained mutation: You have a pair of horns on your head.
                  | [demonic ancestry]
  1454 | D:3      | Reached XP level 4. HP: 30/30 MP: 1/7
  1573 | D:4      | Noticed Blork the orc
  1704 | D:3      | Reached skill level 1 in Staves
  1966 | D:3      | Noticed a scorpion
  2102 | D:3      | Killed a scorpion
  2103 | D:3      | Reached skill level 1 in Armour
  2103 | D:3      | Gained mutation: You have a somewhat thin skeletal
                  | structure. (Dex +2, Stealth+) [demonic ancestry]
  2103 | D:3      | Reached XP level 5. HP: 16/35 MP: 3/8
  2330 | D:3      | Identified the +1 plate armour of Fedhas's Wrath {rElec rN+
                  | Will+ Int-4}
  2488 | D:3      | Reached skill level 1 in Short Blades
  2658 | D:4      | Found a staircase to the Ecumenical Temple.
  2689 | D:4      | Killed Blork the orc
  2690 | D:4      | Reached skill level 1 in Necromancy
  2690 | D:4      | Gained mutation: You have a moderately thin skeletal
                  | structure. (Dex +4, Stealth++) [demonic ancestry]
  2690 | D:4      | Reached XP level 6. HP: 16/42 MP: 6/10
  2806 | D:4      | Reached skill level 1 in Ice Magic
  2880 | D:4      | Noticed Menkaure
  2888 | D:4      | Learned a level 4 spell: Flame Wave
  2906 | D:4      | Killed Menkaure
  3344 | D:4      | Demolished by an ogre

Illustrated notes

Levels and vault maps discovered:
D:1:      mrwooster_arrival_statue_2, layout_rooms,
          nicolae_kite_square_tiling_tiny, minmay_pentomino_x4
D:2:      layout_loops_ring
D:3:      layout_basic, kennysheep_minor_cross, minmay_surrounded
D:4:      layout_loops_corners, minmay_temple_entry_from_below_a,
          minmay_ogre_servants, uniq_menkaure, uniq_blork_the_orc

Skill      XL: |  1  2  3  4  5  6 |
---------------+-------------------+-----
Fire Magic     | 3 |  3.9
Stealth        | 2 |  2.2
Staves         | 1 |  1.6
Conjurations   | 2 |  2.2
Armour         | 1 2 |  2.0
Dodging        | 2 |  2.0
Short Blades   | 1 |  1.4
Necromancy     | 1 |  1.4
Ice Magic      | 1 |  1.3
Spellcasting   | 3 |  3.0
Fighting       | |  0.6
Evocations     | |  0.1

Action                     |  1- 3 |  4- 6 || total
---------------------------+-------+-------++-------
  Melee: Dagger            |    56 |    60 ||   116
         Headbutt          |    12 |    11 ||    23
         Staff             |    19 |       ||    19
   Cast: Foxfire           |    28 |    30 ||    58
         Scorch            |     1 |    10 ||    11
  Evoke: Wand              |       |     1 ||     1
    Use: Scroll            |     1 |     3 ||     4
         Potion            |       |     5 ||     5
   Stab: Sleeping          |     2 |     4 ||     6
 Armour: Robe              |     6 |     1 ||     7
         Ring mail         |    18 |    14 ||    32
  Dodge: Dodged            |    38 |    46 ||    84
  Block: Kite shield       |       |     3 ||     3
